Map: Winter Madness LE

Players

Milena - Winner!

  • Race: Terran Terran
  • League: Silver
  • Spawn Location: 5:00

GhostRobo

  • Race: Terran Terran
  • Spawn Location: 11:00

VOD

Have the link to the VOD?

Description

Time

  • Played on: Dec. 11, 2025, 9:26 a.m.
  • Length: 34:28
Show
View Real Time Build Order
Export as new Build Order

Milena Terran - Winner!

Build Orders: Cyclone Opening, Mech 

Get SALT Encoding   

  12  0:00  SCV  
  13  0:12  SCV  
  14  0:22  Supply Depot  
  14  0:25  SCV  
  15  0:30  Refinery  
  15  0:43  SCV  
  15  0:45  Barracks  
  16  0:55  SCV  
  17  1:04  Refinery  
  17  1:08  SCV  
  18  1:20  SCV  
  18  1:21  Supply Depot  
  19  1:32  SCV  
  20  1:37  Barracks Tech Lab  
  20  1:41  Supply Depot  
  20  1:44  SCV  
  21  1:49  Factory  
  21  1:56  SCV  
  22  2:02  Marauder  
  22  2:08  SCV  
  25  2:18  Supply Depot  
  25  2:20  SCV  
  26  2:42  Starport  
  26  2:43  Cyclone  
  29  2:46  SCV  
  29  2:47  Barracks Tech Lab  
  30  2:55  Supply Depot  
  30  3:03  Orbital Command  
  30  3:29  Fusion Core  
  30  3:32  Siege Tank  
  30  3:33  SCV  
  34  3:40  Supply Depot  
  34  3:45  SCV  
  35  3:58  SCV  
  36  4:10  SCV  
  37  4:24  Battlecruiser  
  37  4:30  SCV  
  44  4:36  Weapon Refit  
  44  4:42  Supply Depot  
  44  4:43  Supply Depot  
  44  4:44  SCV  
  45  4:51  Hellion  
  47  4:54  Infernal Pre-Igniter  
  47  4:57  SCV  
  48  5:06  Supply Depot  
  48  5:09  SCV  
  48  5:12  Hellion  
  51  5:22  SCV  
  52  5:34  Cyclone  
  55  7:05  SCV  
  62  7:15  Battlecruiser  
  62  7:17  SCV  
  63  7:27  Refinery  
  63  7:28  Command Center  
  63  7:31  Refinery, Siege Tank  
  66  7:41  SCV  
  67  7:46  Supply Depot  
  67  7:48  Supply Depot x2  
  67  7:49  Factory  
  67  7:53  SCV, Factory  
  68  8:17  SCV  
  69  8:28  Battlecruiser  
  69  8:29  SCV  
  76  8:34  Factory Tech Lab  
  76  8:37  Factory Tech Lab  
  76  8:41  Orbital Command, SCV  
  77  8:53  SCV  
  78  9:06  SCV  
  79  9:10  Armory  
  79  9:12  Armory  
  79  9:18  SCV  
  79  9:24  SCV  
  81  9:26  Engineering Bay  
  81  9:28  Siege Tank x2  
  81  9:29  Siege Tank  
  81  9:30  SCV  
  91  9:36  SCV  
  92  9:42  SCV  
  93  10:03  Command Center  
  93  10:15  Refinery  
  93  10:19  Refinery  
  93  10:31  Battlecruiser  
  99  10:38  Terran Vehicle And Ship Armor Level 1  
  99  10:39  Terran Ship Weapons Level 1  
  99  10:48  Missile Turret  
  99  10:49  Missile Turret  
  99  10:51  Missile Turret  
  93  11:15  SCV x2  
  95  11:22  Thor  
  95  11:23  Thor x2  
  113  11:27  SCV  
  75  12:32  Thor, Terran Vehicle Weapons Level 1  
  75  12:33  Thor x2  
  87  12:42  Thor x3  
  87  12:48  Missile Turret  
  87  12:50  Missile Turret  
  87  12:51  Missile Turret  
  87  12:53  Command Center, Missile Turret  
  87  12:55  Missile Turret  
  87  12:58  SCV  
  87  12:59  SCV  
  89  13:11  SCV x2  
  89  13:12  Terran Vehicle And Ship Armor Level 2  
  91  13:15  Thor x2  
  103  13:38  Siege Tank  
  106  13:42  SCV x2  
  108  13:54  SCV  
  109  13:58  Siege Tank x2  
  103  14:10  Siege Tank  
  94  14:31  Planetary Fortress  
  94  14:34  SCV x2  
  96  14:43  Thor  
  96  14:44  Thor  
  108  14:46  SCV  
  109  15:06  Command Center  
  109  15:08  Refinery  
  109  15:10  Refinery  
  109  15:13  Sensor Tower x2  
  109  15:21  SCV x3  
  111  15:25  Sensor Tower  
  112  15:33  SCV, Terran Vehicle And Ship Armor Level 3, Terran Ship Weapons Level 2  
  112  15:34  Sensor Tower  
  113  15:51  Hellion x2  
  113  15:52  Hellion  
  119  16:02  Smart Servos  
  119  16:13  Hellion x3  
  125  16:20  Command Center  
  125  16:21  Planetary Fortress  
  125  16:34  Hellion x3  
  131  16:55  Thor x2  
  131  16:58  Supply Depot x3  
  143  17:21  Supply Depot, Factory  
  143  17:23  Thor  
  143  17:25  Factory  
  143  17:27  Factory  
  149  17:38  Thor  
  155  17:49  Terran Vehicle Weapons Level 2  
  155  17:56  Refinery  
  155  17:57  Refinery, Missile Turret x2  
  155  17:58  Missile Turret  
  155  17:59  Missile Turret  
  155  18:04  Missile Turret  
  155  18:15  Factory Tech Lab  
  155  18:16  Factory Tech Lab  
  155  18:19  Factory Tech Lab  
  155  18:23  Planetary Fortress  
  155  18:34  Thor x2  
  155  18:35  Thor  
  76  19:33  Thor x5  
  106  20:13  Thor  
  112  20:15  SCV x2  
  112  20:16  Thor x2  
  126  20:37  Terran Vehicle Weapons Level 3  
  126  21:05  Thor  
  132  21:26  Command Center  
  132  21:27  Refinery  
  132  21:31  Refinery  
  132  21:32  Thor  
  138  21:53  Sensor Tower  
  138  22:02  SCV x4  
  142  22:12  Terran Ship Weapons Level 3  
  142  22:14  SCV  
  143  22:30  SCV x4  
  143  22:33  Starport  
  143  22:34  Thor x2, Starport  
  143  22:35  Starport  
  107  23:14  Starport  
  107  23:16  Starport  
  89  23:39  SCV x4  
  93  23:46  Starport Tech Lab x2  
  93  23:59  Thor x4  
  93  24:01  SCV  
  93  24:02  Starport Tech Lab, SCV x2  
  120  24:13  SCV x2  
  120  24:14  SCV x3  
  101  25:21  Battlecruiser x4  
  119  25:24  Thor  
  131  25:49  Orbital Command  
  131  25:53  Thor  
  131  25:54  Thor x3  
  155  26:03  Starport Tech Lab x2  
  155  26:25  Battlecruiser x2  
  154  27:16  Thor x4  
  154  27:17  Thor  
  154  27:18  SCV x4  
  186  28:55  Command Center  
  175  28:59  Supply Depot  
  175  29:02  Supply Depot  
  173  29:03  Supply Depot  
  173  29:05  Supply Depot x2  
  173  29:06  Supply Depot x2  
  173  29:07  Supply Depot x2  
  173  29:19  SCV  
Show
View Real Time Build Order
Export as new Build Order

GhostRobo Terran 

Build Orders:  

Get SALT Encoding   

  12  0:00  SCV  
  13  0:19  Supply Depot  
  13  0:20  SCV  
  14  0:33  SCV  
  15  0:42  Barracks  
  15  0:45  SCV  
  16  0:54  Refinery  
  17  0:57  SCV  
  17  1:16  SCV  
  18  1:29  Orbital Command  
  18  1:36  Command Center  
  18  1:39  Barracks Reactor  
  18  2:14  SCV  
  19  2:19  Marine x2  
  21  2:26  SCV  
  22  2:37  Marine  
  23  2:45  Refinery  
  23  2:47  Marine  
  23  2:48  SCV  
  25  2:52  Barracks  
  25  2:54  Orbital Command, Barracks  
  25  2:55  Supply Depot  
  25  3:00  SCV  
  26  3:12  SCV  
  26  3:24  SCV  
  26  3:26  SCV  
  28  3:36  SCV  
  28  3:38  SCV  
  31  3:48  SCV  
  31  3:50  SCV, Barracks Tech Lab  
  32  3:56  Barracks Tech Lab  
  32  3:59  Marine x2  
  32  4:00  SCV  
  32  4:02  SCV  
  36  4:11  Supply Depot  
  36  4:12  SCV  
  36  4:14  SCV  
  38  4:17  Marine  
  38  4:19  Engineering Bay  
  39  4:24  SCV  
  39  4:26  SCV  
  39  4:27  Factory  
  39  4:28  Marine x2  
  39  4:29  Marine  
  44  4:31  Combat Shield  
  44  4:35  Marine, Stimpack  
  44  4:36  SCV  
  46  4:38  SCV  
  46  4:44  Supply Depot  
  47  4:47  Marauder x2  
  47  4:49  SCV  
  47  4:51  SCV  
  53  5:00  Missile Turret  
  53  5:01  SCV, Missile Turret  
  53  5:05  Missile Turret  
  53  5:06  SCV  
  55  5:08  Marauder  
  55  5:10  Missile Turret  
  55  5:13  SCV, Supply Depot  
  58  5:16  Marine x3  
  58  5:20  Factory Reactor  
  61  5:29  Marine  
  61  5:30  Starport  
  61  5:35  Marauder  
  64  5:36  Supply Depot  
  64  5:42  Marine x2  
  66  5:47  Marauder  
  68  5:50  Missile Turret  
  68  5:56  Marine  
  62  6:09  Marauder  
  62  6:12  SCV  
  62  6:13  SCV  
  62  6:14  Marauder  
  62  6:24  SCV  
  62  6:25  SCV  
  59  6:30  Marauder, Missile Turret  
  61  6:35  Marine  
  61  6:36  Marine x2  
  61  6:37  SCV  
  56  6:51  Marine  
  56  6:53  Marine  
  56  6:54  Marine x2  
  57  7:08  SCV  
  57  7:09  Marine  
  57  7:11  Marine x2  
  57  7:12  Marine  
  62  7:21  SCV  
  63  7:26  Marine  
  63  7:29  Marine x3  
  66  7:30  Factory Tech Lab, Missile Turret  
  66  7:33  SCV  
  66  7:35  SCV  
  69  7:42  Terran Infantry Weapons Level 1  
  69  7:44  Marine  
  70  7:57  Supply Depot  
  70  7:58  Supply Depot  
  70  8:10  Refinery  
  70  8:14  Refinery  
  70  8:18  Viking x2, Marine x2  
  70  8:19  SCV x2, Marine x2  
  80  8:21  Supply Depot  
  80  8:22  Barracks  
  80  8:25  Barracks, Supply Depot  
  80  8:31  SCV x2  
  82  8:36  Marine x2  
  82  8:38  Marauder  
  86  8:43  Marine, Siege Tank  
  90  8:48  Viking x2  
  90  8:54  Marine x2  
  96  8:59  Marauder  
  96  9:01  SCV x2  
  100  9:12  Marauder  
  102  9:29  Supply Depot  
  102  9:30  Supply Depot  
  102  9:31  Supply Depot  
  102  9:42  Barracks Tech Lab  
  102  9:45  Barracks Reactor  
  102  9:50  SCV, Marine x2  
  102  9:51  SCV, Marauder x2  
  102  9:52  Supply Depot, Viking x2, Siege Tank  
  117  9:54  Supply Depot  
  117  9:56  Supply Depot  
  117  10:03  SCV x2  
  119  10:07  Marine  
  119  10:08  Marine x2  
  119  10:12  Marauder x2  
  126  10:15  SCV x2, Missile Turret  
  126  10:19  Missile Turret  
  128  10:22  Viking x2  
  128  10:24  Siege Tank  
  128  10:26  Marauder  
  128  10:27  SCV x2  
  139  10:32  Terran Infantry Armor Level 1  
  139  10:34  Marauder, Concussive Shells  
  141  10:39  SCV x2  
  136  10:52  Medivac x2  
  140  11:16  Missile Turret x2  
  140  11:18  Missile Turret x2  
  140  11:19  Missile Turret  
  140  11:22  Viking x2  
  110  11:36  SCV  
  110  11:37  SCV  
  110  11:38  Marine x3  
  110  11:39  Marauder x3, Marine  
  112  11:42  Siege Tank  
  113  11:49  SCV  
  113  11:52  Viking x2  
  118  11:56  Marine x2  
  107  12:14  Siege Tank  
  110  12:16  Command Center  
  110  12:22  Viking x2  
  108  12:33  Marine x2  
  108  12:34  Marine x2  
  108  12:35  Marauder x3  
  118  12:47  Siege Tank  
  121  12:51  Marine x3, Medivac x2  
  121  12:52  Marine  
  121  12:55  Marine  
  121  12:56  Marine x2  
  132  13:06  Supply Depot  
  132  13:07  Supply Depot  
  132  13:09  Marine x3  
  135  13:19  Siege Tank  
  138  13:27  SCV x2  
  139  13:31  SCV  
  141  13:36  Marine x3  
  141  13:37  Marauder x2  
  141  13:39  SCV  
  149  13:43  SCV  
  150  13:51  Siege Tank  
  108  14:12  Marine x3  
  108  14:13  Marauder x2, Marine x2  
  97  14:30  Marine x3  
  97  14:31  Marine x2  
  102  14:33  Siege Tank  
  102  14:34  Marine x2  
  102  14:36  SCV  
  108  14:43  Refinery  
  108  14:46  Refinery  
  108  14:47  Marine  
  108  14:48  SCV, Marine x4  
  108  14:50  Supply Depot  
  108  14:52  Supply Depot, Marauder x2  
  118  15:05  Marine x2, Siege Tank  
  118  15:06  Marine x2  
  127  15:07  Marauder  
  127  15:13  Marine  
  127  15:14  Command Center  
  128  15:20  Factory  
  128  15:21  Factory x2  
  128  15:23  Factory  
  128  15:37  Neosteel Armor  
  128  15:46  Viking x2  
  132  15:53  SCV  
  132  15:56  Marine x2  
  135  15:58  Marine  
  135  16:00  Marine  
  137  16:05  SCV  
  137  16:09  Factory Tech Lab  
  137  16:10  Factory Tech Lab x2  
  138  16:12  Factory Tech Lab  
  138  16:16  Viking x2  
  142  16:35  Armory  
  142  16:46  Viking x2  
  146  16:47  Marine x2  
  146  16:48  Marine x2  
  146  16:49  Marauder x3  
  157  17:05  Marine x3  
  157  17:06  Marine  
  161  17:10  Marine  
  161  17:11  Orbital Command  
  161  17:16  Viking  
  161  17:21  Orbital Command  
  163  17:25  Thor  
  163  17:28  Thor  
  175  17:39  Thor  
  175  17:43  Marine x3  
  184  17:44  Marauder, Marine  
  187  18:07  Starport  
  187  18:18  Thor  
  193  18:20  Medivac x2  
  197  18:44  Starport  
  197  18:50  Medivac  
  170  19:08  Marine x2  
  170  19:09  Marine x3  
  127  19:10  Marauder x2  
  127  19:14  Siege Tank  
  127  19:15  Siege Tank x2  
  114  19:26  Marine x3  
  114  19:27  Marauder, Marine  
  114  19:31  Marauder, Marine  
  123  19:34  Medivac  
  125  19:44  Marine x4  
  126  19:49  Marauder x2  
  126  19:52  Marauder  
  126  20:02  Marine x4  
  130  20:10  Marauder, Marine  
  135  20:14  Marauder  
  135  20:19  Marine  
  135  20:20  Marine  
  139  20:28  Marauder  
  139  20:31  Marauder  
  141  20:53  Marine x4  
  141  20:55  Thor x2  
  141  20:56  Siege Tank x3  
  166  20:57  Command Center  
  166  20:59  Medivac  
  168  21:08  Starport Reactor  
  168  21:10  Starport Reactor  
  168  21:19  Terran Vehicle Weapons Level 1  
  168  21:21  Terran Infantry Weapons Level 2  
  168  22:14  Thor x2  
  168  22:15  Siege Tank x2  
  186  22:16  Viking x2  
  186  22:17  Viking x2, Medivac x2  
  186  22:20  Marine x2  
  200  22:46  Viking x2  
  173  22:58  Marine x4  
  140  22:59  Marauder x3  
  140  23:01  Siege Tank x2  
  140  23:02  Thor, Siege Tank x2  
  152  23:16  Marine x4  
  150  23:20  Marine x2  
  143  23:33  Thor  
  149  23:34  Marine x3  
  149  23:35  Marauder, Marine  
  149  23:37  Thor  
  149  23:38  Marauder x2, Siege Tank  
  168  23:52  Marine x3  
  171  24:16  Marine x4  
  171  24:17  Marine x2  
  175  24:18  Marauder  
  175  24:34  Marine x3  
  175  24:35  Marauder x2  
  144  25:19  Marine x3  
  144  25:20  Marine x3  
  144  25:21  Marauder  
  152  25:23  Thor x2  
  164  25:31  Refinery x2  
  164  25:37  Marine x4  
  164  25:38  Marauder x2  
  164  25:42  Marauder  
  174  25:45  Siege Tank  
  177  25:55  Marine x4  
  181  25:59  Marauder, Marine  
  181  26:03  Marine  
  185  26:10  Siege Tank  
  188  26:12  Marine  
  188  26:13  Marine  
  188  26:16  Medivac  
  190  26:53  Marine x4  
  189  26:55  Siege Tank x2  
  181  27:25  Thor  
  181  27:28  Viking  
  189  27:34  Marine x4  
  189  27:35  Marine x3  
  196  27:52  Marine x4  
  200  28:01  Refinery  
  200  28:04  Refinery  
  134  29:01  Marine x6  
  134  29:02  Marine  
  139  29:03  Thor  
  144  29:18  Marine  
  144  29:19  Marine x6  
  141  29:36  Marine  
  141  29:37  Marine x2  
  141  29:38  Marauder  
  119  29:55  Marauder  
  119  29:59  Marauder  
  86  31:10  Engineering Bay  
  86  31:11  Command Center  
  63  33:05  Command Center  
  26  33:15  SCV, Supply Depot  
  14  33:22  Supply Depot  
  14  33:27  SCV  
  14  33:28  Command Center  
  6  33:39  SCV  
  7  33:51  SCV  
  7  33:52  Barracks  
  8  34:03  SCV  
  9  34:15  SCV  
Tags
 
Composition
Mech
League
Silver
Matchup
TvT
Race
Terran
Spawn Locations
Cross Positions
Add a new tag
Caveats
  • Supply blocks, unpowered buildings, or Contaminate may cause inaccurate times.
  • Supply counts are checked every 10 seconds.